 Dungeon Crawl Stone Soup version 0.26.1-2-gb8aa6d0cf2 (webtiles) character file.

Game seed: 475699602947808051

13605 ubername the Grappler (level 11, 0/98 HPs)
             Began as a Troll Monk on Mar 2, 2021.
             Was a High Priest of Kikubaaqudgha.
             Slain by a catoblepas (10 damage)
             ... while petrified by a catoblepas
             ... on level 12 of the Dungeon.
             The game lasted 00:40:35 (12660 turns).

ubername the Grappler (Troll Monk)                 Turns: 12660, Time: 00:40:35

Health: 0/98       AC: 13    Str: 30    XL:     11   Next: 77%
Magic:  19/19      EV:  1    Int:  9    God:    Kikubaaqudgha [*****.]
Gold:   714        SH:  0    Dex: 13    Spells: 19/22 levels left

rFire    . . .     SeeInvis .     - Unarmed
rCold    . . .     Faith    .   (no shield)
rNeg     + + +     Spirit   .   k - +2 robe {Will+}
rPois    ∞         Reflect  .   (helmet restricted)
rElec    .         Harm     .   m - +0 cloak
rCorr    .         Rampage  .   (gloves unavailable)
Will     +....                  (boots unavailable)
Stlth    ++........             f - amulet of the acrobat
HPRegen  0.66/turn              r - +6 ring of strength
MPRegen  0.16/turn              u - +4 ring of protection

@: petrified
A: large, unfitting armour, claws 3, clever 1, regeneration 1, shaggy fur 1,
strong 1, tough skin 3
a: Renounce Religion, Receive Corpses, Torment


You were on level 12 of the Dungeon.
You worshipped Kikubaaqudgha.
Kikubaaqudgha was extremely pleased with you.
You visited 1 branch of the dungeon, and saw 12 of its levels.

You collected 714 gold pieces.

Inventory:

Hand Weapons
 e - a +1 vorpal fustibalus
 n - a +3 quarterstaff of chaos
 z - the +2 broad axe "Wuudozxu" {freeze, rPois Dex+4}
   (You found it on level 9 of the Dungeon)

   It has been specially enchanted to freeze those struck by it, causing extra
   injury to most foes and up to half again as much damage against particularly
   susceptible opponents.
   It can also slow down cold-blooded creatures.
   It affects your dexterity (+4).
   It protects you from poison.
Missiles
 g - 4 large rocks (quivered)
 l - 52 poisoned darts
 B - 4 curare-tipped darts
 E - 2 silver boomerangs
Armour
 a - a +2 robe of cold resistance
 k - a +2 robe of willpower (worn)
 m - a +0 cloak (worn)
Jewellery
 c - an uncursed amulet of faith {unknown}
 f - an amulet of the acrobat (around neck)
 r - a +6 ring of strength (left claw)
 u - a +4 ring of protection (right claw)
 C - an uncursed amulet of the acrobat
 D - an uncursed ring of flight {unknown}
Wands
 s - a wand of paralysis (10)
 t - a wand of digging (4)
 w - a wand of acid (7)
Scrolls
 b - 2 scrolls of teleportation
 d - 4 scrolls of remove curse
 h - 13 scrolls of identify
 o - 2 scrolls of magic mapping
 p - a scroll of enchant armour
 q - 2 scrolls of enchant weapon
 x - 3 scrolls of amnesia
 A - 2 scrolls of immolation
Potions
 i - a potion of brilliance
 v - 2 potions of might
Miscellaneous
 y - a box of beasts (inert)


   Skills:
 - Level 3.7 Fighting
 - Level 0.7 Throwing
 - Level 5.3 Dodging
 - Level 2.6 Stealth
 * Level 11.5 Unarmed Combat
 * Level 6.1 Spellcasting
 * Level 7.8 Necromancy


You had 19 spell levels left.
You knew the following spells:

 Your Spells              Type           Power        Failure   Level
a - Pain                  Necr           64%          1%          1
b - Corpse Rot            Necr/Air       N/A          7%          2

Your spell library contained the following spells:

 Spells                   Type           Power        Failure   Level
 Sublimation of Blood     Necr           8%           1%          2
 Vampiric Draining        Necr           8%           2%          3
 Animate Dead             Necr           8%           9%          4
 Dispel Undead            Necr           16%          9%          4
 Foxfire                  Conj/Fire      8%           22%         1
 Freeze                   Ice            8%           22%         1
 Sting                    Tmut/Pois      8%           22%         1
 Agony                    Necr           16%          24%         5
 Excruciating Wounds      Necr           8%           24%         5
 Poisonous Vapours        Pois/Air       4%           32%         2
 Conjure Flame            Conj/Fire      2%           54%         3
 Frozen Ramparts          Ice            4%           54%         3
 Ignite Poison            Fire/Tmut/Pois 2%           54%         3
 Inner Flame              Hex/Fire       2%           54%         3
 Mephitic Cloud           Conj/Pois/Air  2%           54%         3
 Ozocubu's Armour         Ice            2%           54%         3
 Hailstorm                Conj/Ice       2%           91%         4
 Olgreb's Toxic Radiance  Pois           2%           91%         4
 Sticky Flame             Conj/Fire      2%           91%         4
 Summon Ice Beast         Ice/Summ       2%           91%         4
 Fireball                 Conj/Fire      1%           99%         5
 Simulacrum               Ice/Necr       4%           100%        6


Dungeon Overview and Level Annotations

Branches:
Dungeon (12/15)            Temple (0/1) D:7            Lair (0/6) D:8
    Orc (0/2) D:12

Altars:
Ashenzari
Fedhas
Hepliaklqana
Kikubaaqudgha
Okawaru
Qazlal
Ru
Trog
Yredelemnul
Zin
The Shining One

Shops:
D:5 !   D:12 (

Annotations:
D:10 Erica
D:12 2 transporters, SrGunnar's ghost, journeyman MfGl


Innate Abilities, Weirdness & Mutations

You are too large for most types of armour.
You have claws for hands.
Your natural rate of healing is unusually fast.
You are covered in fur. (AC +1)
You have extremely tough skin. (AC +3)
Your mind is acute. (Int +2)
Your muscles are strong. (Str +2)


Message History

Your limbs are stiffening.
You bump into the rock wall.
You are engulfed in calcifying dust.
Your limbs have turned to stone.
You feel less invigorated.
You feel less confused.
The catoblepas breathes a plume of calcifying dust at you.
The blast of calcifying dust hits you but does no damage.
You have turned to stone.
The catoblepas gores you!
* * * LOW HITPOINT WARNING * * *
The catoblepas gores you!
* * * LOW HITPOINT WARNING * * *
The catoblepas gores you. The catoblepas gores you!
* * * LOW HITPOINT WARNING * * *
The catoblepas gores you but does no damage.
The catoblepas gores you!
* * * LOW HITPOINT WARNING * * *
The catoblepas gores you!!
You die...
Kikubaaqudgha rasps: "You have failed me!
Welcome... oblivion!"

#### . ....########
.....ZY@...#
###.Z.####.#
....8..Z.#.#
..!......#.# ####
.........#.# ...####
#........?#.#
#.....##............#
##..................#
.........8...>...8..#


You could see a catoblepas, an orc zombie and an ogre zombie.

Vanquished Creatures
  A boulder beetle (D:12)
  Sonja (D:12)
  An unseen horror (D:12)
  A manticore (D:11)
  A cyclops (D:12)
  A gargoyle (D:10)
  2 centaur skeletons
  Psyche (D:10)
  2 trolls
  5 slime creatures (D:12)
  6 yaks (D:10)
  2 shadows (D:12)
  A wyvern (D:11)
  2 water moccasins
  3 ice beasts
  5 orc warriors
  6 sky beasts
  An eye of draining (D:12)
  A black bear (D:7)
  2 phantoms
  6 ogres
  9 centaurs
  3 bullfrogs
  3 troll zombies (D:12)
  6 scorpions
  8 killer bees
  17 wights
  2 howler monkeys
  A centaur zombie (D:5)
  2 bullfrog zombies
  6 hounds
  6 jellies
  5 orc priests
  Crazy Yiuf (D:3)
  2 gnoll shamans
  12 orc wizards
  4 bullfrog skeletons
  5 iguanas
  10 worker ants
  4 ogre zombies (D:12)
  2 hound skeletons (D:4)
  2 worker ant zombies
  9 gnolls
  17 adders
  A river rat (D:4)
  A shadow imp (D:5)
  5 white imps
  13 oozes (D:12)
  An ufetubus (D:10)
  7 worms
  A dart slug (D:3)
  9 leopard geckos
  50 orcs
  8 bats
  7 giant cockroaches
  5 goblins
  5 hobgoblins
  14 jackals
  6 kobolds
  9 quokkas
  2 ball pythons
  6 frilled lizards
  A goblin skeleton (D:12)
  2 goblin zombies (D:12)
  3 hobgoblin zombies (D:12)
  A jackal zombie (D:5)
  3 orc skeletons (D:12)
  11 orc zombies (D:12)
  A quokka skeleton (D:8)
  6 rats
365 creatures vanquished.

Vanquished Creatures (others)
  A bat (D:3)
  9 fungi (D:12)
10 creatures vanquished.

Grand Total: 375 creatures vanquished

Notes
Turn   | Place    | Note
-------+----------+-------------------------------------------
     0 | D:1      | ubername the Troll Monk began the quest for the Orb.
     0 | D:1      | Reached XP level 1. HP: 22/22 MP: 0/0
   138 | D:1      | Reached XP level 2. HP: 29/29 MP: 1/1
   514 | D:2      | Reached XP level 3. HP: 34/36 MP: 2/2
   801 | D:2      | Reached XP level 4. HP: 44/44 MP: 3/3
   925 | D:2      | Found a blossoming altar of Fedhas.
   933 | D:2      | Reached skill level 4 in Unarmed Combat
  1202 | D:2      | Found a sacrificial altar of Ru.
  1349 | D:3      | Found a broken altar of Ashenzari.
  1476 | D:3      | Found a basalt altar of Yredelemnul.
  1494 | D:3      | Reached XP level 5. HP: 39/53 MP: 4/4
  1948 | D:3      | Found a runed translucent door.
  1949 | D:3      | Noticed Crazy Yiuf
  1957 | D:3      | Killed Crazy Yiuf
  2243 | D:4      | Reached skill level 5 in Unarmed Combat
  2243 | D:4      | Reached XP level 6. HP: 53/61 MP: 5/5
  2249 | D:4      | Found an ancient bone altar of Kikubaaqudgha.
  2274 | D:4      | Became a worshipper of Kikubaaqudgha
  2274 | D:4      | Reached * piety under Kikubaaqudgha
  2274 | D:4      | Identified Kikubaaqudgha's Disquisition on Dark Secrets
                  | (Kikubaaqudgha gifted it to you on level 4 of the Dungeon)
  2274 | D:4      | Received a gift from Kikubaaqudgha
  2274 | D:4      | Reached ** piety under Kikubaaqudgha
  2279 | D:4      | Learned a level 1 spell: Pain
  2861 | D:4      | Found a bloodstained altar of Trog.
  2938 | D:4      | Reached skill level 6 in Unarmed Combat
  2950 | D:4      | Reached XP level 7. HP: 67/67 MP: 6/6
  3194 | D:5      | Entered Level 5 of the Dungeon
  3220 | D:5      | Found Nuyp's Distillery.
  3226 | D:5      | Reached *** piety under Kikubaaqudgha
  3226 | D:5      | Identified Kikubaaqudgha's Grimoire of Black Rituals
                  | (Kikubaaqudgha gifted it to you on level 5 of the Dungeon)
  3226 | D:5      | Received a gift from Kikubaaqudgha
  3227 | D:5      | Reached skill level 1 in Necromancy
  3385 | D:5      | Reached skill level 1 in Spellcasting
  3469 | D:5      | HP: 3/67 [centaur (9)]
  3472 | D:5      | Reached skill level 7 in Unarmed Combat
  3635 | D:5      | Gained mutation: Your system is resistant to poisons.
                  | (rPois) [potion of mutation]
  3635 | D:5      | Gained mutation: You are somewhat resistant to further
                  | mutation. [potion of mutation]
  3755 | D:5      | Reached XP level 8. HP: 75/75 MP: 7/9
  4752 | D:6      | Reached skill level 8 in Unarmed Combat
  5177 | D:6      | Reached **** piety under Kikubaaqudgha
  5298 | D:6      | Reached XP level 9. HP: 49/83 MP: 11/11
  5760 | D:7      | Found a staircase to the Ecumenical Temple.
  5788 | D:7      | Reached skill level 9 in Unarmed Combat
  5888 | D:7      | Found a stormy altar of Qazlal.
  5966 | D:7      | HP: 3/83 [black bear (11)]
  5967 | D:7      | Found a glowing silver altar of Zin.
  5967 | D:7      | Noticed an angel
  6590 | D:8      | Reached skill level 5 in Dodging
  6745 | D:8      | Found a staircase to the Lair.
  6882 | D:8      | Found a hazy altar of Hepliaklqana.
  7211 | D:9      | Learned a level 2 spell: Corpse Rot
  7302 | D:9      | Noticed a troll
  7313 | D:9      | Killed a troll
  7388 | D:9      | Reached ***** piety under Kikubaaqudgha
  7418 | D:9      | Reached XP level 10. HP: 33/92 MP: 13/13
  7511 | D:9      | Lost mutation: You are somewhat resistant to further
                  | mutation. [potion of mutation]
  7511 | D:9      | Gained mutation: Your spells are a little easier to cast,
                  | but a little less powerful. [potion of mutation]
  7511 | D:9      | Gained mutation: You tend to lose your temper in combat.
                  | [potion of mutation]
  7511 | D:9      | Lost mutation: Your spells are a little easier to cast, but
                  | a little less powerful. [potion of mutation]
  7512 | D:9      | Lost mutation: Your system is resistant to poisons. (rPois)
                  | [potion of mutation]
  7512 | D:9      | Lost mutation: You tend to lose your temper in combat.
                  | [potion of mutation]
  7512 | D:9      | Gained mutation: Your mind is acute. (Int +2) [potion of
                  | mutation]
  7512 | D:9      | Gained mutation: Your muscles are strong. (Str +2) [potion
                  | of mutation]
  7523 | D:9      | Found a glowing golden altar of the Shining One.
  7839 | D:9      | Got a polished broad axe
  7840 | D:9      | Identified the cursed +2 broad axe "Wuudozxu" {freeze,
                  | rPois Dex+4} (You found it on level 9 of the Dungeon)
  7888 | D:10     | Entered Level 10 of the Dungeon
  7925 | D:10     | Noticed Erica
  8050 | D:10     | Reached skill level 10 in Unarmed Combat
  8142 | D:10     | Reached skill level 5 in Necromancy
  8661 | D:10     | Found a flagged portal.
  8666 | D:10     | Noticed Psyche
  8678 | D:10     | Killed Psyche
  8819 | D:10     | Noticed a gargoyle
  8836 | D:10     | Killed a gargoyle
 10440 | D:11     | Reached XP level 11. HP: 85/97 MP: 17/17
 10831 | D:11     | Reached skill level 5 in Spellcasting
 11358 | D:12     | Found a transporter.
 11362 | D:12     | Found a transporter.
 11362 | D:12     | Noticed a two-headed ogre
 11362 | D:12     | Noticed SrGunnar's ghost (journeyman MfGl)
 11363 | D:12     | Noticed a boulder beetle
 11371 | D:12     | Noticed a two-headed ogre
 11375 | D:12     | Identified the +12 great mace of Bodily Harmony {flame,
                  | Dex+3}
 11375 | D:12     | Noticed a fire giant
 11414 | D:12     | Killed a boulder beetle
 11955 | D:12     | Killed an unseen horror
 11956 | D:12     | Reached skill level 11 in Unarmed Combat
 12100 | D:12     | Noticed a four-headed hydra
 12116 | D:12     | HP: 2/98 [eight-headed hydra (7)]
 12300 | D:12     | Found Nusiumof's Antique Weapon Shoppe.
 12300 | D:12     | Noticed Sonja
 12302 | D:12     | Killed Sonja
 12349 | D:12     | Found an iron altar of Okawaru.
 12548 | D:12     | Found a staircase to the Orcish Mines.
 12639 | D:12     | Noticed a catoblepas
 12660 | D:12     | Slain by a catoblepas

Illustrated notes

Levels and vault maps discovered:
D:1:      minmay_arrival_five_plusses, layout_basic, chequers_mini_garden
D:2:      layout_loops_ring, nicolae_overflow_hidden_temple,
          fedhas_altar_fruit_tree, minmay_pentomino_u2
D:3:      layout_basic, lemuel_doored_altar, nicolae_ashenzari_panopticon,
          uniq_crazy_yiuf_cottage
D:4:      layout_loops_corners, kennysheep_mini, old_standard_altar,
          gup_sewer_entry_spiral, abandoned_shop
D:5:      layout_loops_cross, serial_shops, nicolae_shop_crystal,
          minmay_joined_circles
D:6:      kennysheep_spiral_hall, layout_basic
D:7:      layout_basic, nicolae_qazlal_style_of_elements, zin_angel,
          minmay_temple_entry_wispy
D:8:      layout_gridville, nzn_hepliaklqana_mist_gate, lair_entry_dummy,
          nrook_campfire
D:9:      layout_rooms, old_standard_altar
D:10:     layout_stronghold, enter_bailey_2, uniq_erica, uniq_psyche
D:11:     layout_grid_maze
D:12:     lemuel_slime, layout_basic, zombieorc2_lemuel, serial_shops, shop,
          shop, shop, gammafunk_ghost_smash, okawaru_ov_weapons_minmay,
          uniq_sonja

Skill      XL: |  1  2  3  4  5  6  7  8  9 10 11 |
---------------+----------------------------------+-----
Dodging        | 3 4 5 |  5.3
Fighting       | 3 |  3.7
Unarmed Combat | 4 5 6 7 8 9 10 11 | 11.5
Stealth        | 2 |  2.6
Necromancy     | 1 2 4 6 7 |  7.8
Spellcasting   | 1 2 3 4 6 |  6.1
Throwing       | |  0.7

Action                   |  1- 3 |  4- 6 |  7- 9 | 10-12 || total
-------------------------+-------+-------+-------+-------++-------
Melee: Unarmed           |    62 |   198 |   391 |   407 ||  1058
       Punch             |       |     2 |    12 |    32 ||    46
Throw: Dart              |       |     1 |     7 |    11 ||    19
       Large rock        |       |       |       |     4 ||     4
 Cast: Pain              |       |     1 |     6 |       ||     7
       Corpse Rot        |       |       |     1 |     2 ||     3
Invok: Receive Corpses   |       |     1 |       |     1 ||     2
Evoke: Wand              |       |       |       |     1 ||     1
       Box of beasts     |       |       |       |     1 ||     1
  Use: Potion            |       |       |     8 |     9 ||    17
       Scroll            |       |       |    14 |     9 ||    23
 Stab: Sleeping          |     3 |     1 |     3 |     4 ||    11
Armor: Robe              |    59 |    65 |   148 |   117 ||   389
Dodge: Dodged            |    48 |   138 |   289 |   236 ||   711
